 Dungeon Crawl Stone Soup version 0.24.0-37-gcf1ca852f1 (webtiles) character file.

Game seed: 4051879962267776587, levelgen mode: deterministic

2282 Daemon1337 the Fighter (level 9, -9/87 HPs)
             Began as an Ogre Chaos Knight on Nov 24, 2019.
             Was a Plaything of Xom.
             Mangled by a spiny frog (20 damage)
             ... on level 7 of the Dungeon.
             The game lasted 00:21:23 (5550 turns).

Daemon1337 the Fighter (Ogre Chaos Knight)          Turns: 5550, Time: 00:21:23

Health: -9/87      AC:  5    Str: 18 (21) XL:     9   Next: 39%
Magic:  9/10       EV: 13    Int:  9 (11) God:    Xom [*.....]
Gold:   410        SH:  0    Dex:  6 (8)  Spells: 6/8 levels left

rFire    . . .     SeeInvis .   a - +0 hand axe (chaos)
rCold    . . .     Gourm    .   (no shield)
rNeg     . . .     Faith    .   n - +2 robe {MR+}
rPois    .         Spirit   .   (helmet restricted)
rElec    .         Reflect  .   (no cloak)
rCorr    .         Harm     .   (gloves unavailable)
MR       +....     Rnd*Rage +   (boots unavailable)
Stlth    ++........             (no amulet)
HPRegen  0.24/turn              f - +2 ring of evasion
MPRegen  0.12/turn              t - ring of wizardry

@: no status effects
A: large, unfitting armour, berserk 1, blurry vision 1, deterioration 1, dopey
1, frail 1, tough skin 1
a: Renounce Religion


You were on level 7 of the Dungeon.
You worshipped Xom.
You were a special plaything of Xom.
You were not hungry.

You visited 1 branch of the dungeon, and saw 7 of its levels.

You collected 410 gold pieces.

Inventory:

Hand Weapons
 a - a +0 hand axe of chaos (weapon)
Armour
 b - a +2 robe
 n - a +2 robe of magic resistance (worn)
Magical Staves
 B - an uncursed staff of death {unknown}
Jewellery
 f - a +2 ring of evasion (left hand)
 t - a ring of wizardry (right hand)
 C - an uncursed ring of teleportation
Wands
 x - a wand of iceblast (5)
 y - a wand of acid (8)
 z - a wand of polymorph (15)
 F - a wand of random effects (14)
 G - a wand of disintegration (3)
Scrolls
 d - a scroll of magic mapping {unknown}
 h - 2 scrolls of random uselessness {unknown}
 i - a scroll of enchant armour {unknown}
 j - a scroll of teleportation {unknown}
 k - 2 scrolls of amnesia {unknown}
 m - 5 scrolls of remove curse
 q - 2 scrolls of fear {unknown}
 r - 3 scrolls of immolation {unknown}
 s - 5 scrolls of identify {unknown}
 D - a scroll of holy word {unknown}
Potions
 e - 6 potions of degeneration
 g - 2 potions of haste {unknown}
 l - a potion of resistance {unknown}
 v - a potion of mutation {unknown}
 w - a potion of magic {unknown}
 E - 3 potions of lignification {unknown}
 H - a potion of might {unknown}
Comestibles
 c - 13 rations


   Skills:
 + Level 8.4 Fighting
 + Level 8.2 Axes
 + Level 5.5 Dodging
 + Level 3.4 Stealth
 + Level 0.8 Unarmed Combat
 + Level 0.1 Spellcasting
 + Level 1.9 Evocations


You had 6 spell levels left.
You knew the following spells:

 Your Spells              Type           Power        Failure   Level  Hunger
a - Passwall              Tmut/Erth      #.......     24%         2    ###....

Your spell library contained the following spells:

 Spells                   Type           Power        Failure   Level  Hunger
 Animate Skeleton         Necr           N/A          16%         1    ##.....
 Pain                     Necr           #...         16%         1    ##.....
 Swiftness                Chrm/Air       #.......     24%         2    ###....
 Regeneration             Chrm/Necr      #.........   43%         3    ####...
 Vampiric Draining        Necr           #.........   43%         3    ####...
 Animate Dead             Necr           N/A          82%         4    #####..
 Passage of Golubria      Tloc           N/A          82%         4    #####..
 Lee's Rapid Deconstruct  Erth           #.........   98%         5    ######.
 Darkness                 Hex            #.........   100%        6    #######
 Invisibility             Hex            #.......     100%        6    #######


Dungeon Overview and Level Annotations

Branches:
Dungeon (7/15)             Temple (0/1) D:6

Altars:
Okawaru
Uskayaw
Vehumet
Xom
The Shining One

Annotations:
D:6 2 runed translucent doors, Alannah's ghost, amateur DsFi


Innate Abilities, Weirdness & Mutations

You are too large for most types of armour.
You have tough skin. (AC +1)
You tend to lose your temper in combat.
Scrolls take you a little longer to read.
Your body sometimes deteriorates upon taking damage.
You are dopey. (Int -2)
You are frail. (-10% HP)


Message History

Your iron imp closely misses the orb spider.
The hog closely misses you.
The hog seems less confused.
Something bites your iron imp but does no damage.
You bump into the rock wall.
The hog barely misses you. The hog bites you.
* * * LOW HITPOINT WARNING * * *
Your magical contamination has completely faded away.
You bump into the rock wall.
The hog bites you.
* * * LOW HITPOINT WARNING * * *
You feel less confused.
Xom's power touches on a nearby monster.
The hog evaporates and reforms as a spiny frog!
Evoke which item? (* to show all) (? for menu, Esc to quit)
Okay, then.
It was a potion of degeneration.
There was something very wrong with that liquid.
You feel weakened.
You feel dopey.
You feel clumsy. The spiny frog stings you!!
You die...
Xom laughs nastily!

##### #...#
####################...##########
................@F..............>
######.#############.............
####.##### ###5..........
#........# #.....†.....
#.###....# #..s........ # #....#
#...........
#....###########...........
#....#........##...........
#....#........[...#####)###


You could see a spiny frog.

Vanquished Creatures
  Sigmund (D:2)
  A wyvern (D:5)
  A human (D:7)
  A fire bat (D:7)
  A yak (D:7)
  An orc warrior (D:6)
  A necrophage (D:5)
  3 centaurs
  5 bullfrogs
  A wight (D:7)
  2 howler monkeys (D:5)
  A crimson imp (D:7)
  A centaur zombie (D:5)
  3 hounds
  A bullfrog skeleton (D:6)
  Jessica (D:2)
  An iguana (D:4)
  2 worker ants
  A hound skeleton (D:5)
  A hound zombie (D:6)
  6 adders
  A gnoll (D:7)
  An ooze (D:1)
  An adder zombie (D:6)
  An adder skeleton (D:4)
  2 worms
  2 dart slugs
  4 leopard geckos
  10 orcs
  2 ball pythons (D:4)
  5 giant cockroaches
  6 goblins
  5 hobgoblins
  5 jackals (D:2)
  5 kobolds
  2 quokkas (D:6)
  8 bats
  5 frilled lizards
  4 quokka skeletons
  4 rats
109 creatures vanquished.

Vanquished Creatures (collateral kills)
  A hog (D:7)
  A sky beast (D:7)
  A gnoll sergeant (D:7)
  A scorpion (D:7)
  2 wights (D:7)
  2 gnolls (D:7)
  An adder zombie (D:7)
  A leopard gecko skeleton (D:7)
10 creatures vanquished.

Vanquished Creatures (others)
  A centaur zombie (D:5)
  A howler monkey skeleton (D:4)
  A quokka (D:7)
3 creatures vanquished.

Grand Total: 122 creatures vanquished

Notes
Turn   | Place    | Note
-------+----------+-------------------------------------------
     0 | D:1      | Daemon1337 the Ogre Chaos Knight began the quest for the
                  | Orb.
     0 | D:1      | Reached XP level 1. HP: 24/24 MP: 1/1
   209 | D:1      | Reached XP level 2. HP: 32/32 MP: 2/2
   625 | D:1      | Reached XP level 3. HP: 32/40 MP: 3/3
   806 | D:2      | Noticed Sigmund
   821 | D:2      | XOM: scenery: create altars
   828 | D:2      | Killed Sigmund
   828 | D:2      | Reached skill level 5 in Fighting
   828 | D:2      | Reached XP level 4. HP: 25/50 MP: 4/4
   828 | D:2      | Reached XP level 5. HP: 29/57 MP: 5/5
   975 | D:2      | Found an iron altar of Okawaru.
   976 | D:2      | Found a glowing golden altar of the Shining One.
   977 | D:2      | Found a hide-covered altar of Uskayaw.
  1012 | D:2      | XOM: harmless Fire miscast
  1089 | D:2      | XOM: smoke on damage
  1091 | D:2      | Reached XP level 6. HP: 51/67 MP: 6/6
  1276 | D:2      | Reached skill level 5 in Axes
  1289 | D:2      | Noticed Jessica
  1289 | D:2      | XOM: cast spell 'Leda's Liquefaction'
  1308 | D:2      | Killed Jessica
  1956 | D:3      | XOM: give mutation
  1956 | D:3      | Gained mutation: You tend to lose your temper in combat.
                  | [Xom's mischief]
  2239 | D:4      | Reached skill level 1 in Stealth
  2447 | D:4      | XOM: harmless Erth miscast
  2464 | D:4      | Noticed an ice beast
  2471 | D:4      | XOM: 1-stop teleportation journey
  2516 | D:5      | Entered Level 5 of the Dungeon
  2610 | D:5      | Reached XP level 7. HP: 57/75 MP: 7/7
  2652 | D:5      | XOM: harmless Summ miscast
  2727 | D:5      | Found a radiant altar of Vehumet.
  2787 | D:5      | XOM: cloud trail
  3390 | D:5      | XOM: harmless Pois miscast
  3474 | D:5      | Noticed a naga
  3474 | D:5      | an iguana changed into a naga
  3474 | D:5      | XOM: polymorph iguana -> naga
  3485 | D:5      | Noticed a wyvern
  3485 | D:5      | a naga changed into a wyvern
  3511 | D:5      | Killed a wyvern
  3685 | D:5      | XOM: harmless Conj miscast
  3787 | D:6      | XOM: cleaving
  3844 | D:6      | XOM: confusion (+ monsters)
  3852 | D:6      | Reached XP level 8. HP: 71/84 MP: 8/8
  3880 | D:6      | Reached skill level 1 in Evocations
  3893 | D:6      | XOM: mild Tmut miscast
  3903 | D:6      | Found a runed translucent door.
  3909 | D:6      | Noticed Alannah's ghost (amateur DsFi)
  4009 | D:6      | Found a staircase to the Ecumenical Temple.
  4157 | D:6      | XOM: enchant monster (bad)
  4395 | D:6      | XOM: mild Ice miscast
  4469 | D:6      | Found a runed translucent door.
  4844 | D:7      | Found an iron altar of Okawaru.
  4861 | D:7      | XOM: cleaving
  4889 | D:7      | XOM: destruction
  4893 | D:7      | XOM: give mutations
  4893 | D:7      | Gained mutation: Armour fits poorly on your strangely
                  | shaped body. [Xom's mischief]
  4893 | D:7      | Gained mutation: Your body sometimes deteriorates upon
                  | taking damage. [Xom's mischief]
  4893 | D:7      | Gained mutation: You are frail. (-10% HP) [Xom's mischief]
  5073 | D:7      | Reached XP level 9. HP: 62/84 MP: 10/10
  5097 | D:7      | XOM: give mutations
  5097 | D:7      | Lost mutation: Armour fits poorly on your strangely shaped
                  | body. [Xom's mischief]
  5097 | D:7      | Gained mutation: Scrolls take you a little longer to read.
                  | [Xom's mischief]
  5097 | D:7      | Gained mutation: You are dopey. (Int -2) [Xom's mischief]
  5162 | D:7      | Reached skill level 5 in Dodging
  5191 | D:7      | XOM: scenery: 1 doors open
  5286 | D:7      | Learned a level 2 spell: Passwall
  5479 | D:7      | XOM: polymorph hog -> shapeshifter
  5479 | D:7      | Noticed an orb spider
  5479 | D:7      | a shapeshifter changed into an orb spider
  5495 | D:7      | XOM: cleaving
  5519 | D:7      | XOM: summons 4 friendly demons
  5538 | D:7      | XOM: destruction
  5542 | D:7      | XOM: confusion (+ monsters)
  5549 | D:7      | Noticed a spiny frog
  5549 | D:7      | a hog changed into a spiny frog
  5549 | D:7      | XOM: polymorph hog -> spiny frog
  5550 | D:7      | Mangled by a spiny frog

Levels and vault maps discovered:
D:1:      scummos_arrival_forest, layout_loops_ring, serial_forest,
          infiniplex_forest_straight_2, infiniplex_forest_clump_small,
          infiniplex_forest_end_1, infiniplex_forest_end_double,
          infiniplex_forest_straight_2, infiniplex_forest_clump_C,
          infiniplex_forest_end_2
D:2:      layout_loops_ring, grunt_temple_overflow_open, minmay_tromino_i4,
          uniq_jessica, uniq_sigmund
D:3:      layout_loops_ring, first_ration, kennysheep_boxes
D:4:      layout_cave_pools, lemuel_statue_altar
D:5:      layout_loops_cross, basic_altar, kennysheep_diamond
D:6:      layout_loops_ring, minmay_temple_entry_statues_pillars,
          ebering_ghost_sewer_f, grunt_ministairs_10
D:7:      layout_basic, grunt_livestock, minivault_10, okawaru_gym_becter,
          uniq_harold

Skill      XL: |  1  2  3  4  5  6  7  8  9 |
---------------+----------------------------+-----
Fighting       | 5 6 7 8 |  8.4
Axes           | 4 5 6 7 8 |  8.2
Dodging        | 3 4 5 |  5.5
Stealth        | 1 2 3 |  3.4
Evocations     | 1 |  1.9
Unarmed Combat | |  0.8
Spellcasting   | |  0.1

Action                   |  1- 3 |  4- 6 |  7- 9 || total
-------------------------+-------+-------+-------++-------
Melee: Hand axe          |    64 |   157 |   196 ||   417
       Unarmed           |       |       |    12 ||    12
       Punch             |       |       |     1 ||     1
 Cast: Passwall          |       |       |     2 ||     2
Evoke: Wand              |       |       |    26 ||    26
  Use: Scroll            |       |       |     2 ||     2
       Potion            |       |       |     3 ||     3
 Stab: Confused          |       |     1 |       ||     1
       Sleeping          |       |     3 |     2 ||     5
       Petrifying        |       |     2 |     1 ||     3
       Paralysed         |       |     2 |     2 ||     4
       Petrified         |       |       |     7 ||     7
       Distracted        |       |       |     1 ||     1
  Eat: Chunk             |       |     6 |     9 ||    15
Armor: Robe              |    19 |    46 |    49 ||   114
       Skin              |       |       |     6 ||     6
Dodge: Dodged            |    28 |    89 |   160 ||   277
